 Dungeon Crawl Stone Soup version 0.14-a0-1876-g927fc3a (webtiles) character file.

288 Piginabag the Insei (level 5, 0/33 HPs)
             Began as an Octopode Transmuter on Jan 16, 2014.
             Killed from afar by an orc wizard (12 damage)
             ... with a magic dart
             ... on Level 3 of the Dungeon.
             The game lasted 00:04:36 (2976 turns).

Piginabag the Insei (Octopode Transmuter)           Turns: 2976, Time: 00:04:57

HP   0/33        AC  1     Str 10      XL: 5   Next: 44%
MP   4/9         EV 13     Int 15      God:
Gold 125         SH  0     Dex 13      Spells:  2 memorised,  5 levels left

rFire  . . .     SeeInvis .       - Unarmed
rCold  . . .     Clarity  .     (no shield)
rNeg   . . .     Conserve .     (helmet restricted)
rPois  .         rCorr    .     (no amulet)
rElec  .         rRot     .     (no ring)
SustAb . .       Spirit   .     (no ring)
rMut   .         Warding  .     (no ring)
Saprov . . .     Stasis   .     (no ring)
MR     .....                    (no ring)
                                (no ring)
                                (no ring)
                                (no ring)

@: very slightly contaminated, not resistant to hostile enchantments, stealthy
A: almost no armour, amphibious, 8 rings, constrict 8, camouflage 1, gelatinous
body 1
a: no special abilities


You were on level 3 of the Dungeon.
You were not hungry.

You visited 1 branch of the dungeon, and saw 3 of its levels.

You collected 125 gold pieces.

Inventory:

Missiles
 b - 12 arrows
Magical devices
 m - a wand of lightning (6) {unknown}
 n - a wand of digging (6)
Comestibles
 a - 3 bread rations
 p - a meat ration
 q - a chunk of orc flesh
 r - 2 rotting chunks of orc flesh
 s - 2 rotting chunks of worker ant flesh
Scrolls
 c - a scroll of identify {unknown}
 e - a scroll of curse armour {unknown}
 f - 2 scrolls of enchant weapon II {unknown}
 g - 2 scrolls of recharging {unknown}
 h - a scroll of teleportation {unknown}
 i - a scroll of blinking {unknown}
Jewellery
 o - a cursed ring of protection from cold {unknown}
Potions
 j - a potion of resistance {unknown}
 k - a potion of restore abilities {unknown}
 l - a potion of brilliance {unknown}
Books
 d - a book of Changes

   Spells                             Type                      Level
   *Beastly Appendage                 Transmutation                1
   Sticks to Snakes                   Transmutation                2
   *Spider Form                       Transmutation/Poison         3
   Ice Form                           Ice/Transmutation            4
   Blade Hands                        Transmutation                5


   Skills:
 + Level 1.3 Fighting
 + Level 3.0 Dodging
 + Level 1.5 Stealth
 + Level 4.1 Unarmed Combat
 + Level 2.6 Spellcasting
 + Level 2.9 Transmutations
 + Level 0.2 Poison Magic


You had 5 spell levels left.
You knew the following spells:

 Your Spells              Type           Power        Failure   Level  Hunger
a - Beastly Appendage     Trmt           ##....       8%          1    #......
b - Spider Form           Trmt/Pois      #.........   34%         3    ###....


Dungeon Overview and Level Annotations

Branches:
Dungeon (3/16)

Altars:


Innate Abilities, Weirdness & Mutations

You cannot wear most types of armour.
You are amphibious.
You can wear up to eight rings at the same time.*
You can use your tentacles to constrict many enemies at once.*
Your skin changes colour to match your surroundings (Stlth).*
Your rubbery body absorbs attacks (AC +1).*


Message History

An orc comes into view.
The orc shouts!
The orc misses you.
You hit the orc.
The orc is poisoned.
The orc is moderately wounded.
The orc completely misses you.
You bite the orc!
You kill the orc!
An orc comes into view. It is wielding an orcish flail.
You barely miss the orc wizard. The orc wizard misses you.
You barely miss the orc wizard.
The orc wizard points at you and mumbles some strange words.
The magic dart hits you!
You hit the orc wizard but do no damage.
The orc wizard is poisoned.
Your transformation has ended.
You fall off the wall.
The orc wizard casts a spell at you. The magic dart hits you!
You die...

####### # .. #.....#
#.########?.. #.###.#
#oo@.......... #.#<#.#
#o###......... #.#.#.###
#.#........... #.#.#%#..
#.#.##........ #...#)#.#
#.#)##......(.
#####.#.####...ยง......#.
####...#)#.........#..##.
#.....##.#..o).#..##.....#
#...).##...#..##.......#


You could see 2 orc wizards and an orc.

Vanquished Creatures
  A worker ant (D:3)
  6 gnolls
  2 adders (D:2)
  A giant gecko (D:1)
  7 orcs (D:3)
  3 bats
  A giant cockroach (D:1)
  5 goblins
  9 hobgoblins
  7 jackals
  6 giant newts
  5 kobolds
  5 rats
58 creatures vanquished.

Notes
Turn   | Place    | Note
--------------------------------------------------------------
     0 | D:1      | Piginabag, the Octopode Transmuter, began the quest for the Orb.
     0 | D:1      | Reached XP level 1. HP: 13/13 MP: 3/3
    32 | D:1      | Reached XP level 2. HP: 8/18 MP: 2/4
   563 | D:1      | Reached XP level 3. HP: 8/23 MP: 6/6
  1231 | D:1      | Learned a level 3 spell: Spider Form
  1420 | D:2      | Reached XP level 4. HP: 12/28 MP: 8/8
  2176 | D:2      | Reached skill level 4 in Unarmed Combat
  2358 | D:2      | Reached skill level 1 in Stealth
  2402 | D:2      | Reached XP level 5. HP: 20/33 MP: 9/9
  2976 | D:3      | Killed from afar by an orc wizard

Action                   |  1- 3 |  4- 6 || total
-------------------------+-------+-------++-------
Melee: Unarmed           |    60 |    89 ||   149
 Cast: Beastly Appendage |    10 |     4 ||    14
       Spider Form       |       |     5 ||     5
Evoke: Wand              |       |     1 ||     1
  Use: Potion            |     1 |       ||     1
       Scroll            |       |     1 ||     1
 Stab: Sleeping          |     4 |     1 ||     5
